Map: Dusk Towers

Players

yogi

  • Race: Protoss Protoss
  • League: Diamond

AntonioBrown - Winner!

  • Race: Zerg Zerg
  • League: Diamond

VOD

Have the link to the VOD?

Description

Time

  • Played on: Nov. 18, 2015, 8:16 p.m.
  • Length: 18:12
Show
View Real Time Build Order
Export as new Build Order

yogi Protoss 

Build Orders: 1 Gate Expand 

Get SALT Encoding   

  12  0:01  Probe (Chrono Boost)  
  13  0:12  Probe (Chrono Boost)  
  14  0:19  Pylon  
  14  0:22  Probe (Chrono Boost)  
  15  0:38  Probe (Chrono Boost)  
  15  0:40  Gateway  
  16  0:48  Probe (Chrono Boost)  
  17  0:52  Assimilator  
  17  0:59  Probe (Chrono Boost)  
  18  1:09  Probe (Chrono Boost)  
  19  1:24  Nexus  
  19  1:36  Cybernetics Core  
  19  1:38  Probe (Chrono Boost)  
  20  1:51  Probe (Chrono Boost)  
  20  1:52  Assimilator  
  21  2:02  Probe (Chrono Boost), Pylon  
  22  2:12  Probe (Chrono Boost)  
  23  2:16  Warp Gate (Chrono Boost)  
  23  2:20  Zealot (Chrono Boost)  
  25  2:35  Robotics Facility  
  25  2:36  Probe (Chrono Boost)  
  25  2:38  Gateway  
  25  2:41  Probe (Chrono Boost)  
  27  2:48  Probe (Chrono Boost)  
  28  2:52  Probe (Chrono Boost)  
  28  3:01  Probe  
  28  3:03  Mothership Core  
  31  3:08  Stalker  
  31  3:12  Probe  
  34  3:24  Probe, Observer (Chrono Boost)  
  36  3:27  Gateway  
  36  3:31  Gateway  
  36  3:33  Probe  
  36  3:37  Probe  
  38  3:44  Probe  
  39  3:56  Probe  
  39  3:57  Probe  
  39  3:59  Warp Prism (Chrono Boost)  
  42  4:06  Probe  
  42  4:09  Probe, Gateway  
  44  4:13  Gateway  
  44  4:17  Probe  
  44  4:24  Probe  
  46  4:31  Pylon  
  46  4:35  Pylon  
  46  4:40  Pylon  
  46  4:48  Probe  
  46  4:49  Probe  
  46  4:50  Immortal (Chrono Boost)  
  52  4:52  Sentry  
  52  4:59  Pylon  
  54  5:02  Sentry, Zealot  
  54  5:03  Probe, Zealot  
  54  5:05  Probe  
  62  5:09  Pylon  
  62  5:21  Probe  
  62  5:22  Probe  
  62  5:26  Immortal (Chrono Boost)  
  68  5:31  Probe  
  68  5:34  Probe, Zealot x3  
  68  5:35  Zealot x2  
  74  6:02  Probe  
  74  6:03  Probe  
  64  6:06  Immortal (Chrono Boost)  
  64  6:08  Robotics Bay  
  66  6:14  Probe  
  66  6:15  Probe  
  66  6:17  Forge  
  68  6:18  Pylon  
  68  6:22  Nexus, Assimilator  
  68  6:23  Assimilator  
  68  6:24  Sentry x2  
  72  6:38  Nexus  
  72  6:42  Stalker  
  72  6:43  Stalker x2  
  78  6:47  Pylon  
  78  6:49  Probe  
  78  6:50  Protoss Ground Weapons Level 1 (Chrono Boost)  
  78  6:51  Probe  
  80  7:00  Probe, Pylon x2  
  80  7:03  Probe  
  80  7:06  Adept x2  
  86  7:10  Probe  
  86  7:12  Warp Prism (Chrono Boost)  
  87  7:18  Sentry  
  87  7:20  Stalker  
  93  7:31  Pylon  
  93  7:36  Stalker  
  95  7:37  Stalker, Zealot  
  99  7:44  Disruptor  
  102  7:56  Probe  
  102  7:58  Probe  
  104  8:00  Stalker  
  104  8:01  Probe  
  104  8:04  Photon Cannon  
  107  8:08  Stalker, Probe  
  107  8:10  Probe  
  107  8:12  Probe, Assimilator  
  112  8:20  Probe  
  112  8:24  Probe  
  112  8:25  Probe  
  111  8:42  Stalker x3  
  111  8:46  Twilight Council  
  117  8:49  Forge  
  117  8:51  Robotics Facility, Assimilator  
  117  8:52  Pylon  
  117  8:53  Stalker, Pylon  
  117  8:54  Stalker x2, Disruptor, Protoss Ground Armor Level 1 (Chrono Boost)  
  126  9:08  Probe x3  
  128  9:11  Blink (Chrono Boost)  
  129  9:18  Protoss Ground Weapons Level 2 (Chrono Boost)  
  129  9:21  Photon Cannon  
  129  9:32  Disruptor (Chrono Boost)  
  132  9:39  Pylon  
  132  9:43  Stalker x4  
  140  9:49  Disruptor (Chrono Boost)  
  143  10:06  Disruptor (Chrono Boost)  
  146  10:10  Stalker x5  
  146  10:11  Stalker, Nexus  
  146  10:13  Pylon  
  158  10:15  Pylon  
  158  10:30  Disruptor (Chrono Boost)  
  161  10:36  Disruptor (Chrono Boost)  
  164  10:49  Photon Cannon  
  159  11:03  Observer  
  155  11:12  Stalker x3  
  155  11:13  Zealot x2  
  156  11:24  Probe x2  
  138  11:35  Observer  
  138  11:36  Probe  
  138  11:37  Observer  
  140  11:42  Probe  
  139  11:47  Stalker x3, Nexus  
  139  11:48  Stalker x3, Probe  
  139  11:53  Gateway  
  152  11:54  Probe  
  152  11:55  Gateway  
  152  11:58  Gateway  
  152  12:00  Gateway  
  153  12:01  Gateway  
  153  12:12  Observer Gravitic Boosters (Chrono Boost)  
  153  12:17  Stalker x2  
  153  12:19  Pylon  
  153  12:21  Pylon  
  157  12:36  Probe  
  157  12:37  Probe x2  
  157  12:38  Colossus  
  161  12:52  Probe  
  154  12:59  Stalker  
  154  13:00  Stalker x4  
  164  13:06  Probe  
  164  13:08  Probe x2  
  138  13:39  Immortal x2  
  128  13:59  Nexus  
  101  14:20  Disruptor x2 (Chrono Boost)  
  101  14:22  Probe x2  
  101  14:23  Stalker x2  
  113  14:38  Stalker x3, Zealot  
  109  14:47  Zealot x2  
  109  14:48  Zealot  
  107  14:56  Colossus (Chrono Boost), Disruptor (Chrono Boost)  
  109  15:00  Zealot  
  109  15:03  Zealot x2  
  100  15:10  Probe  
  100  15:12  Probe x3  
  104  15:16  Pylon  
  104  15:21  Probe  
  104  15:22  Probe  
  104  15:24  Probe x2  
  104  15:26  Templar Archives  
  104  15:27  Warp Prism (Chrono Boost)  
  89  15:52  Stalker x5  
  92  15:57  Pylon  
  92  15:58  Pylon  
  85  16:04  Zealot x3  
  68  16:23  Stalker x2  
  69  16:29  High Templar x3  
  75  16:36  Archon  
  65  16:42  High Templar  
  52  16:58  Probe  
  52  16:59  Probe, High Templar x2  
  52  17:00  Probe x2  
  56  17:15  Disruptor (Chrono Boost), Archon  
  59  17:16  High Templar x2  
  59  17:21  Probe  
  64  17:30  Archon  
  64  17:37  Pylon  
  64  17:47  High Templar x2  
  64  17:48  High Templar  
  64  17:50  Zealot  
  72  17:54  Archon  
Show
View Real Time Build Order
Export as new Build Order

AntonioBrown Zerg - Winner!

Build Orders: Hatch First, Lurkers 

Get SALT Encoding   

  12  0:01  Drone  
  13  0:12  Overlord  
  13  0:17  Drone  
  14  0:31  Drone x2  
  14  0:34  Drone  
  17  0:55  Hatchery  
  16  0:57  Drone  
  16  1:00  Drone  
  18  1:13  Extractor  
  18  1:15  Spawning Pool  
  18  1:18  Drone  
  17  1:22  Drone  
  18  1:29  Overlord  
  18  1:39  Drone  
  19  1:50  Drone  
  20  2:00  Drone  
  21  2:01  Queen  
  21  2:07  Drone, Queen  
  26  2:14  Metabolic Boost  
  26  2:17  Zergling x2  
  26  2:18  Drone  
  28  2:25  Drone  
  28  2:29  Drone  
  30  2:34  Drone  
  31  2:45  Queen  
  31  2:48  Overlord  
  33  2:55  Hatchery  
  32  3:00  Zergling x6  
  35  3:14  Drone  
  35  3:15  Drone x5  
  41  3:22  Extractor  
  41  3:24  Drone x4  
  44  3:34  Overlord  
  42  4:00  Zergling x8  
  42  4:01  Zergling x8  
  48  4:09  Roach Warren  
  47  4:12  Evolution Chamber, Drone x3, Extractor  
  48  4:23  Lair  
  48  4:25  Drone  
  48  4:26  Drone, Overlord x2  
  51  4:38  Drone x5  
  51  4:40  Hatchery  
  51  4:45  Queen  
  56  4:51  Zerg Missile Weapons Level 1  
  55  5:01  Drone x3  
  55  5:02  Drone x4  
  62  5:19  Spore Crawler  
  62  5:20  Roach x3  
  62  5:21  Spore Crawler  
  66  5:46  Zergling x2  
  66  5:47  Drone  
  66  5:48  Drone x12  
  70  5:57  Overlord  
  70  5:58  Overlord x2  
  66  6:04  Extractor x2  
  66  6:05  Drone x6  
  70  6:12  Overlord x2  
  70  6:18  Overseer  
  70  6:25  Extractor  
  69  6:28  Drone x5  
  71  6:47  Glial Reconstitution  
  71  6:48  Zerg Missile Weapons Level 2  
  71  6:51  Evolution Chamber  
  71  6:52  Hydralisk Den  
  69  6:59  Spine Crawler  
  69  7:00  Spore Crawler  
  67  7:03  Drone x3, Spine Crawler  
  67  7:04  Drone x5, Spine Crawler  
  73  7:08  Queen  
  75  7:17  Zerg Ground Armor Level 1  
  75  7:32  Lurker Den  
  75  7:33  Hydralisk x2  
  75  7:34  Hydralisk x4  
  87  7:37  Hydralisk  
  89  7:44  Overlord x3  
  89  7:52  Infestation Pit  
  89  7:56  Queen  
  90  7:59  Extractor  
  90  8:00  Extractor  
  90  8:03  Drone  
  90  8:04  Drone x2  
  91  8:05  Drone  
  91  8:06  Drone x8  
  100  8:14  Hydralisk x3  
  103  8:40  Hydralisk  
  103  8:41  Hydralisk x10  
  124  8:49  Overlord  
  124  8:50  Overlord  
  124  9:03  Hive, Muscular Augments  
  124  9:10  Overlord x3  
  124  9:15  Hydralisk  
  124  9:16  Hydralisk x3  
  132  9:24  Hatchery  
  131  9:34  Lurker x2  
  131  9:35  Lurker x7  
  131  9:36  Zergling x4  
  131  9:37  Zergling x16  
  150  9:42  Spore Crawler  
  150  9:44  Spine Crawler  
  148  9:52  Overlord x2  
  148  9:58  Zerg Ground Armor Level 2  
  148  9:59  Overseer  
  148  10:03  Zergling x8  
  148  10:04  Zergling x10  
  157  10:29  Viper x4  
  157  10:31  Zerg Missile Weapons Level 3  
  157  10:32  Adrenal Glands  
  169  10:44  Roach  
  169  10:45  Roach x9  
  123  11:28  Ravager x6, Hydralisk x3  
  123  11:29  Hydralisk x2  
  123  11:30  Zergling x16  
  123  11:31  Zergling x2  
  148  11:34  Ultralisk Cavern  
  141  11:50  Extractor  
  141  11:52  Extractor  
  139  11:55  Zergling x2  
  139  11:56  Zergling x14  
  147  12:05  Ravager x4  
  151  12:15  Zergling x2  
  146  12:16  Zergling x4  
  148  12:26  Chitinous Plating  
  148  12:28  Zerg Melee Weapons Level 1  
  154  12:30  Ultralisk x3  
  154  12:32  Zergling x16  
  154  12:33  Zergling x10  
  137  12:54  Ultralisk x3  
  137  12:55  Zergling x12  
  149  13:04  Ultralisk, Zergling x2  
  149  13:05  Zergling x6  
  159  13:08  Infestor  
  161  13:18  Zergling x2  
  161  13:19  Zergling x10  
  161  13:30  Roach  
  161  13:31  Roach x6  
  154  13:41  Ultralisk  
  143  13:42  Zergling x2  
  143  13:43  Zergling x6  
  132  13:56  Roach x7  
  144  14:06  Zergling x10  
  144  14:07  Zergling x6  
  133  14:12  Zergling x2  
  133  14:13  Zergling x4  
  126  14:21  Roach x2  
  126  14:23  Ultralisk  
  130  14:27  Zergling x4  
  132  14:33  Zergling x2  
  132  14:34  Zergling x10  
  137  14:39  Zerg Ground Armor Level 3  
  137  14:43  Zergling x6  
  133  14:46  Roach  
  133  14:52  Zergling x4  
  137  14:53  Zergling x8  
  137  14:59  Zergling x6  
  131  15:05  Zergling x10  
  117  15:14  Ultralisk  
  117  15:15  Zergling x2  
  117  15:16  Zergling x6  
  117  15:18  Zergling x2  
  117  15:19  Zergling x2  
  117  15:20  Zergling x2  
  124  15:27  Ultralisk  
  130  15:30  Zergling x2  
  130  15:31  Zergling x4  
  126  15:44  Zergling x14  
  113  16:07  Hydralisk  
  113  16:08  Hydralisk x9  
  124  16:18  Ultralisk  
  111  16:47  Lurker  
  111  16:48  Lurker x7  
  111  16:50  Ultralisk x2  
  123  16:55  Zergling x10  
  122  17:11  Hydralisk x4  
  122  17:12  Hydralisk  
  132  17:30  Hatchery  
  132  17:31  Ultralisk  
Tags
 
Add a new tag
Caveats
  • Supply blocks, unpowered buildings, or Contaminate may cause inaccurate times.
  • Supply counts are checked every 10 seconds.